 Dungeon Crawl Stone Soup version 0.28-a0-535-g6f645e4c1d (webtiles) character file.

Game seed: 11621319917502844739

12222 sanka the Fighter (level 11, -4/104 HPs)
             Began as a Palentonga Monk on Sept 26, 2021.
             Was a High Priest of Okawaru.
             Slain by an ice devil (10 damage)
             ... in an ice cave.
             The game lasted 00:18:38 (14561 turns).

sanka the Fighter (Palentonga Monk)                Turns: 14561, Time: 00:18:38

Health: -4/104     AC: 21    Str: 23    XL:     11   Next: 59%
Magic:  15/17      EV: 16    Int: 12    God:    Okawaru [*****.]
Gold:   670        SH:  5    Dex: 12    Spells: 10/10 levels left

rFire   + . .      SeeInvis +   a - +1 short sword (elec)
rCold   + . .      Faith    .   H - +0 buckler
rNeg    . . .      Spirit   .   I - +1 leather armour "Cizacuaf" {rF+}
rPois   .          Reflect  .   (no helmet)
rElec   .          Harm     .   f - +0 cloak
rCorr   .          Rampage  .   (no gloves)
Will    .....                   r - +0 barding {rC+}
Stlth   +++.......              (no amulet)
HPRegen 0.27/turn               o - +4 ring of evasion
MPRegen 0.15/turn               d - +6 ring of strength

@: heroic, curled up
A: large, rugged brown scales 3, see invisible, deformed body, roll 1, armoured
tail, reflexive curl, MP-powered wands
a: Rolling Charge, Renounce Religion, Heroism, Finesse, Duel


You were in an ice cave.
You worshipped Okawaru.
Okawaru was extremely pleased with you.
You visited 3 branches of the dungeon, and saw 13 of its levels.
You also visited: Ice Cave.

You collected 670 gold pieces.


Innate Abilities, Weirdness & Mutations

You are completely covered in rugged brown scales. (AC +3, +7% HP)
You have supernaturally acute eyesight. (SInv)
Armour fits poorly on your strangely shaped body.
You can roll at nearby foes to attack.
You have a long armoured tail.
You curl defensively after being hit.
You expend magic power (3 MP) to strengthen your wands.


   Skills:
 + Level 13.1(18.1) Fighting
 - Level 3.2(8.2) Long Blades
 + Level 5.1(10.1) Armour
 - Level 8.0(13.0) Dodging
 - Level 1.2(6.2) Stealth
 - Level 2.4(7.4) Shields
 - Level 8.0 Invocations


You had 10 spell levels left.
You didn't know any spells.
Your spell library contained the following spells:

 Spells                   Type           Power      Damage    Failure   Level
 Apportation              Tloc           0%         N/A       36%         1
 Pain                     Necr           0%         1d4       36%         1
 Sublimation of Blood     Necr           0%         N/A       50%         2
 Wereblood                Tmut           0%         N/A       50%         2
 Conjure Flame            Conj/Fire      0%         6-21      73%         3
 Gell's Gravitas          Tloc           0%         N/A       73%         3
 Ignite Poison            Fire/Tmut/Pois 0%         N/A       73%         3
 Teleport Other           Tloc           0%         N/A       73%         3
 Sticky Flame             Conj/Fire      0%         2d3       98%         4
 Agony                    Necr           0%         N/A       100%        5
 Excruciating Wounds      Necr           0%         N/A       100%        5
 Dispersal                Tloc           0%         N/A       100%        6
 Animate Skeleton         Necr           Unusable   N/A       N/A         1
 Summon Small Mammal      Summ           Unusable   N/A       N/A         1
 Summon Hydra             Summ           Unusable   N/A       N/A         7

Inventory:

Hand Weapons
 a - a +1 short sword of electrocution (weapon)
 b - a +2 short sword of venom
 u - a +0 demon whip
 K - a +1 scimitar of flaming
Missiles
 O - a curare-tipped dart {=f}
Armour
 f - a +0 cloak (worn)
 r - a +0 barding of cold resistance (worn)
 H - a +0 buckler (worn)
 I - the +1 leather armour "Cizacuaf" (worn) {rF+} rF: It protects you from fire.
 P - a scarf of shadows
Magical Staves
 l - a staff of cold
 m - a staff of conjuration {!a}
Jewellery
 d - a +6 ring of strength (right hand)
 i - a ring of willpower
 o - a +4 ring of evasion (left hand)
 M - a ring of flight
Wands
 v - a wand of iceblast (14)
 E - a wand of flame (29)
 G - a wand of polymorph (21)
 J - a wand of digging (3)
Scrolls
 e - 7 scrolls of teleportation {@r4}
 h - 3 scrolls of fog
 n - 2 scrolls of fear
 p - 2 scrolls of silence {!r}
 w - 3 scrolls of enchant armour
 y - a scroll of amnesia
 A - a scroll of noise {!r}
 B - a scroll of vulnerability {!r}
 D - a scroll of enchant weapon {unknown}
 F - a scroll of blinking {unknown}
 N - a scroll of acquirement {unknown}
Potions
 c - 3 potions of mutation {!q}
 g - 2 potions of lignification {unknown}
 j - 6 potions of curing {@q1}
 k - 2 potions of flight {unknown}
 q - 3 potions of heal wounds {unknown}
 s - a potion of ambrosia {unknown}
 t - 4 potions of cancellation {unknown}
 x - 4 potions of haste {unknown}
 z - 2 potions of berserk rage {unknown}
 C - 3 potions of invisibility {unknown}
 L - a potion of magic {unknown}

Dungeon Overview and Level Annotations

Branches:
Dungeon (11/15)            Temple (1/1) D:4            Lair (1/6) D:8
    Orc (0/2) D:11          IceCv (1/1)

Altars:
Ashenzari
Cheibriados
Dithmenos
Elyvilon
Fedhas
Gozag
Hepliaklqana
Kikubaaqudgha
Makhleb
Nemelex Xobeh
Okawaru
Qazlal
Ru
Sif Muna
Trog
Uskayaw
Vehumet
Wu Jian
Xom
Yredelemnul
Zin
The Shining One

Shops:
D:2 [   D:7 [

Annotations:
D:11 1 runed translucent door

.. ... .... ▒▒▒▒
....▒ ▒▒..▒▒
.....▒▒ ▒▒▒....▒▒
.......▒▒.......▒
............∩∩..▒
...........4....▒
.....▒▒..▒▒H...▒▒
... ▒▒▒▒▒▒..▒▒ .
▒▒▒▒


You could see an ice devil.


Message History

The polar bear simulacrum claws you but does no damage.
The polar bear simulacrum claws you but does no damage.
Unknown command.
You hit the polar bear simulacrum.
Lightning courses through the polar bear simulacrum!
The polar bear simulacrum vaporises!
Okawaru accepts your kill. The ice devil hits you.
* * * LOW HITPOINT WARNING * * *
The ice devil freezes you. You resist.
* * * LOW HITPOINT WARNING * * *
Unknown command.
You hit the ice devil but do no damage. The ice devil closely misses you.
Unknown command.
The ice devil misses you. The ice devil hits you!
* * * LOW HITPOINT WARNING * * *
The ice devil freezes you! You resist.
* * * LOW HITPOINT WARNING * * *
Unknown command.
It was a potion of mutation.
You feel extremely strange.
You feel less energetic.
You feel more energetic.
You feel your magical essence link to the dungeon's wands.
The ice devil hits you!
You die...

Action                   |  1- 3 |  4- 6 |  7- 9 | 10-12 || total
-------------------------+-------+-------+-------+-------++-------
Melee: Falchion          |    24 |       |       |       ||    24
       Tailslap          |    12 |    13 |    38 |    82 ||   145
       Short sword       |    86 |   131 |   216 |   400 ||   833
       Punch             |       |       |       |     3 ||     3
       Scimitar          |       |       |       |    18 ||    18
Throw: Dart              |       |       |       |     1 ||     1
Invok: Heroism           |       |     1 |     9 |    14 ||    24
 Abil: Rolling Charge    |       |       |       |     9 ||     9
  Use: Scroll            |       |       |       |     9 ||     9
       Potion            |       |       |       |     3 ||     3
 Stab: Sleeping          |     2 |     5 |     1 |     2 ||    10
Armor: Robe              |    37 |    30 |    46 |    28 ||   141
       Leather armour    |       |       |       |    93 ||    93
Dodge: Dodged            |    98 |   102 |   162 |   346 ||   708
Block: Buckler           |       |       |       |    57 ||    57

Levels and vault maps discovered:
D:1:      shiori_arrival_whats_in_store_for_you, layout_basic,
          dreamdust_ecumenical_altar_angels_and_demons, minmay_hedge_maze,
          patterned_corridor
D:2:      layout_basic, serial_shops, nicolae_square_shop,
          minmay_misc_feat_diagonals, minmay_ruptured
D:3:      cheibrodos_old_hovel, layout_loops_ring
D:4:      layout_loops_ring, amcnicky_altar_gilded,
          minmay_temple_entry_poolview, minivault_23, minivault_11,
          columned_hall_lemuel
D:5:      layout_rooms, grunt_temple_overflow_open, serial_undead,
          serial_undead_c, serial_undead_a, serial_undead_f, serial_undead_c
D:6:      layout_loops_ring, nemelex_dance_club_becter, slow_altar_2,
          minivault_25
D:7:      layout_gridville, bloody_trog, serial_shops, nicolae_stop_n_shop_2
D:8:      layout_rooms, minmay_lair_entry_grove
D:9:      layout_loops_ring, mainiacjoe_overflow_surrounded_room
D:10:     layout_cave_pools, nicolae_elyvilon_temple_path,
          gammafunk_temple_overflow_forgotten
D:11:     gammafunk_mikee_crab_dinner, layout_basic, orc_0_dummy
Temple:   chequers_temple_sunken
Lair:1:   layout_concentric_octagons, portal_ice_cave_entry_imps,
          lemuel_fruit_tree
IceCv:    ice_cave_tombish

Notes
Turn   | Place    | Note
-------+----------+-------------------------------------------
     0 | D:1      | sanka the Palentonga Monk began the quest for the Orb.
     0 | D:1      | Reached XP level 1. HP: 19/19 MP: 1/1
     0 | D:1      | Noticed a red draconian
     0 | D:1      | Noticed a red draconian
     3 | D:1      | Noticed a large abomination
     5 | D:1      | Noticed a black draconian
     7 | D:1      | Noticed an iron dragon
     9 | D:1      | Noticed an iron dragon
    11 | D:1      | Noticed an ice dragon
    13 | D:1      | Noticed a tentacled monstrosity
    13 | D:1      | Noticed an iron dragon
    15 | D:1      | Noticed an iron dragon
    17 | D:1      | Noticed a tentacled monstrosity
    17 | D:1      | Noticed a shadow dragon
    19 | D:1      | Noticed a large abomination
    19 | D:1      | Noticed an ice dragon
    21 | D:1      | Noticed an ice dragon
    21 | D:1      | Noticed a shadow dragon
    23 | D:1      | Noticed a large abomination
   369 | D:1      | Reached XP level 2. HP: 25/25 MP: 2/2
   855 | D:1      | Found a faded altar of an unknown god.
  1338 | D:2      | Reached XP level 3. HP: 31/31 MP: 3/3
  1408 | D:2      | Reached skill level 3 in Dodging
  1877 | D:2      | Found Vuttuinude's Antique Armour Shoppe.
  1898 | D:2      | Reached XP level 4. HP: 37/39 MP: 4/4
  2241 | D:3      | Reached skill level 4 in Fighting
  2905 | D:4      | Reached XP level 5. HP: 32/46 MP: 5/5
  3051 | D:4      | Found a burning altar of Makhleb.
  3264 | D:4      | Noticed a phantom
  3269 | D:4      | Killed a phantom
  3270 | D:4      | Reached skill level 5 in Fighting
  3270 | D:4      | Reached skill level 4 in Dodging
  3399 | D:3      | Reached XP level 6. HP: 36/54 MP: 6/6
  3682 | D:4      | Found a staircase to the Ecumenical Temple.
  3882 | Temple   | Entered the Ecumenical Temple
  4038 | Temple   | Became a worshipper of Warmaster Okawaru
  4038 | Temple   | Reached * piety under Okawaru
  4038 | Temple   | Reached ** piety under Okawaru
  4145 | D:4      | Reached skill level 1 in Invocations
  4248 | D:5      | Entered Level 5 of the Dungeon
  4258 | D:5      | Reached skill level 2 in Invocations
  4321 | D:5      | Reached skill level 3 in Invocations
  4336 | D:5      | Noticed a water moccasin
  4353 | D:5      | Killed a water moccasin
  4354 | D:5      | Reached skill level 4 in Invocations
  4354 | D:5      | Gained mutation: You curl defensively after being hit.
                  | [Palentonga growth]
  4354 | D:5      | Reached XP level 7. HP: 52/59 MP: 6/10
  4451 | D:5      | Reached skill level 5 in Invocations
  4532 | D:5      | Found a basalt altar of Yredelemnul.
  4534 | D:5      | Found an ornate altar of the Wu Jian Council.
  4536 | D:5      | Found a hide-covered altar of Uskayaw.
  4557 | D:5      | Reached *** piety under Okawaru
  4562 | D:5      | Reached skill level 6 in Invocations
  4877 | D:5      | Reached skill level 7 in Invocations
  5053 | D:6      | Reached XP level 8. HP: 59/66 MP: 13/13
  5240 | D:6      | Reached skill level 8 in Invocations
  5674 | D:6      | Reached skill level 6 in Fighting
  5707 | D:6      | Reached skill level 5 in Dodging
  5710 | D:6      | Reached **** piety under Okawaru
  6036 | D:8      | Reached skill level 7 in Fighting
  6058 | D:8      | Noticed a two-headed ogre
  6071 | D:8      | Killed a two-headed ogre
  6072 | D:8      | Reached skill level 6 in Dodging
  6072 | D:8      | Reached XP level 9. HP: 25/79 MP: 13/15
  6336 | D:8      | Reached skill level 8 in Fighting
  6389 | D:8      | Reached skill level 7 in Dodging
  6706 | D:8      | Found a staircase to the Lair.
  6769 | D:8      | Reached ***** piety under Okawaru
  6770 | D:8      | Reached skill level 9 in Fighting
  7155 | D:8      | Reached XP level 10. HP: 88/88 MP: 16/16
  7198 | D:8      | Identified the +1 quarterstaff of the Endless Coins {flame,
                  | *Corrode rElec Str+3 SInv}
  7743 | D:6      | Found a snail-covered altar of Cheibriados.
  7930 | D:6      | Found a sparkling altar of Nemelex Xobeh.
  7999 | D:7      | Found a bloodstained altar of Trog.
  8161 | D:7      | Reached skill level 8 in Dodging
  8423 | D:7      | Identified the +4 dagger of the Lamprey {flame, rPois Will+
                  | Int+2}
  8609 | D:7      | Found Keisch's Armour Boutique.
  8614 | D:7      | Noticed a manticore
  8621 | D:7      | Killed a manticore
  8622 | D:7      | Reached skill level 10 in Fighting
  9552 | D:7      | Identified the +1 leather armour "Cizacuaf" {rF+}
  9701 | D:9      | Noticed a two-headed ogre
  9710 | D:9      | Killed a two-headed ogre
  9710 | D:9      | Received a gift from Okawaru
  9711 | D:9      | Reached skill level 11 in Fighting
  9904 | D:9      | Noticed a two-headed ogre
  9922 | D:9      | Killed a two-headed ogre
  9923 | D:9      | Reached skill level 1 in Armour
 10212 | D:9      | Reached skill level 2 in Armour
 10749 | D:9      | Found a broken altar of Ashenzari.
 11043 | D:10     | Entered Level 10 of the Dungeon
 11054 | D:10     | Found a stormy altar of Qazlal.
 11055 | D:10     | Found a glowing golden altar of the Shining One.
 11056 | D:10     | Found a blossoming altar of Fedhas.
 11105 | D:10     | Reached skill level 12 in Fighting
 11105 | D:10     | Reached skill level 1 in Shields
 11561 | D:9      | Reached XP level 11. HP: 92/101 MP: 14/17
 11669 | D:9      | Reached skill level 3 in Armour
 11669 | D:9      | Reached skill level 2 in Shields
 12114 | D:10     | Found a white marble altar of Elyvilon.
 12659 | D:11     | Noticed a two-headed ogre
 12663 | D:11     | Killed a two-headed ogre
 12701 | D:11     | Found a staircase to the Orcish Mines.
 12963 | D:11     | Reached skill level 4 in Armour
 13230 | D:11     | Noticed a boulder beetle
 13245 | D:11     | Killed a boulder beetle
 13253 | D:11     | Identified the +1 robe of the Monkey's Uncle {rN++ Stlth+}
 13297 | D:11     | Found a runed translucent door.
 13307 | D:11     | Noticed a skeletal warrior
 13383 | D:11     | Killed a skeletal warrior
 13662 | D:11     | Noticed a skeletal warrior
 13663 | D:11     | Noticed a skeletal warrior
 13667 | D:11     | Noticed a skeletal warrior
 13682 | D:11     | HP: 6/103 [skeletal warrior[a skeletal warrior] (7)]
 14193 | Lair:1   | Entered Level 1 of the Lair of Beasts
 14274 | Lair:1   | Found a frozen archway.
 14326 | Lair:1   | Reached skill level 13 in Fighting
 14430 | Lair:1   | Reached skill level 5 in Armour
 14517 | IceCv    | Entered an ice cave
 14536 | IceCv    | Received a gift from Okawaru
 14560 | IceCv    | HP: 6/104 [ice devil (11)]
 14561 | IceCv    | Gained mutation: Your magical capacity is low. (-10% MP)
                  | [potion of mutation]
 14561 | IceCv    | Lost mutation: Your magical capacity is low. (-10% MP)
                  | [potion of mutation]
 14561 | IceCv    | Gained mutation: You expend magic power (3 MP) to
                  | strengthen your wands. [potion of mutation]
 14561 | IceCv    | Slain by an ice devil

Vanquished Creatures
  A boulder beetle (D:11)
  4 two-headed ogres
  A skeletal warrior (D:11)
  A manticore (D:7)
  A cyclops (D:11)
  2 gargoyles
  An unseen horror (D:10)
  An ice devil (IceCv)
  An efreet (D:9)
  A troll (D:9)
  A hornet (D:7)
  A shadow (D:9)
  3 wyverns (D:8)
  A basilisk (Lair:1)
  6 yaks
  A death yak simulacrum (IceCv)
  2 steam dragons
  5 water moccasins
  An ice beast (D:8)
  A sky beast (D:7)
  A black bear (D:5)
  2 ogres (D:6)
  2 orc warriors
  3 necrophages
  A phantom (D:4)
  2 kobold brigands
  A gnoll sergeant (D:7)
  A water moccasin zombie (D:5)
  11 wights
  2 electric eels
  2 howler monkeys (D:7)
  3 bullfrog zombies
  8 centaur zombies
  4 hounds
  4 orc priests
  3 bullfrog skeletons
  3 centaur skeletons
  A jelly (D:6)
  5 iguanas
  4 orc wizards
  A scorpion zombie (D:5)
  A polar bear simulacrum (IceCv)
  A hound zombie (D:5)
  A mummy (D:6)
  3 hound skeletons (D:4)
  3 gnolls (D:7)
  6 adders
  A shadow imp (D:6)
  13 white imps
  An ufetubus (IceCv)
  A worm (D:2)
  4 dart slugs
  21 orcs
  5 ball pythons
  5 endoplasms
  7 goblins
  5 hobgoblins
  20 jackals
  12 kobolds
  A quokka (D:5)
  5 bats (D:2)
  10 frilled lizards
  7 rats
233 creatures vanquished.

Vanquished Creatures (others)
  8 fungi
  19 plants
27 creatures vanquished.

Grand Total: 260 creatures vanquished
